 Dungeon Crawl Stone Soup version 0.18.1-47-g9310371 (console) character file.

88 Kloppie the Cudgeler (level 4, -4/28 HPs)
             Began as a Gargoyle Gladiator on June 15, 2016.
             Slain by a gnoll
             ... wielding a +0 halberd
              (10 damage)
             ... on level 2 of the Dungeon.
             The game lasted 00:02:09 (1296 turns).

Kloppie the Cudgeler (Gargoyle Gladiator)           Turns: 1296, Time: 00:02:09

Health: -4/28      AC:  7    Str: 18    XL:     4   Next: 53%
Magic:  4/4        EV: 12    Int:  9    God:
Gold:   75         SH:  0    Dex: 11    Spells: 0 memorised, 3 levels left

rFire  . . .     SeeInvis .     a - +0 flail
rCold  . . .     Gourm    .     b - +0 leather armour
rNeg   + . .     Faith    .     (no shield)
rPois  ∞         Spirit   .     c - +0 helmet
rElec  +         Dismiss  .     (no cloak)
rCorr  .         Reflect  .     (no gloves)
SustAt .         Harm     .     (no boots)
MR     .....                    (no amulet)
Stlth  +.........               (no ring)
                                (no ring)

@: not resistant to hostile enchantments, very unstealthy
A: negative energy resistance 1, electricity resistance, unbreathing,
petrification resistance, rot immunity, AC +3
a: no special abilities


You were on level 2 of the Dungeon.
You were hungry.

You visited 1 branch of the dungeon, and saw 2 of its levels.

You collected 75 gold pieces.

Inventory:

Hand Weapons
 a - a +0 flail (weapon)
Missiles
 d - 2 throwing nets (quivered)
Armour
 b - a +0 leather armour (worn)
 c - a +0 helmet (worn)
Jewellery
 i - an uncursed ring of protection from cold {unknown}
Scrolls
 g - 4 scrolls of enchant armour {unknown}
 n - a scroll of identify {unknown}
 p - a scroll of fog {unknown}
 q - a scroll of teleportation {unknown}
Potions
 e - 2 potions of curing {unknown}
 h - a potion of haste {unknown}
 j - a potion of brilliance {unknown}
 l - a potion of might {unknown}
 m - a potion of berserk rage {unknown}
Comestibles
 f - 2 bread rations
 k - 3 meat rations
 o - 2 chunks of flesh


   Skills:
 + Level 3.1 Fighting
 * Level 4.3 Maces & Flails
 - Level 1.7 Throwing
 + Level 1.6 Armour
 - Level 2.4 Dodging


You had 3 spell levels left.
You didn't know any spells.

Dungeon Overview and Level Annotations

Branches:
Dungeon (2/15)

Altars:


Innate Abilities, Weirdness & Mutations

You are resistant to torment.
Your stone body is resilient (AC +3).
You are immune to poison.
You resist negative energy.
You are resistant to electric shocks.
You can survive without breathing.
You are immune to petrification.
You are immune to rotting.


Message History

The gnoll struggles against the net.
The gnoll barely misses you.
The gnoll struggles against the net.
You closely miss the gnoll.
The gnoll is lightly wounded.
The gnoll hits you with a spear!
* * * LOW HITPOINT WARNING * * *
The gnoll struggles against the net.
The net rips apart, and the gnoll comes free!
You hit the gnoll.
The gnoll is severely wounded.
The gnoll hits you but does no damage. The gnoll misses you.
You sock the gnoll!
You kill the gnoll!
The gnoll hits you from afar with a halberd.
* * * LOW HITPOINT WARNING * * *
You are feeling hungry.
The gnoll closely misses you.
You see here a club.
The gnoll hits you from afar with a halberd!
You die...

#.# #.# #.# #.#
#.##############.##
..............(..>#########
#..........................
#########.....##..#########
#..<...@....#..#
#.#.#.......#..##
#.#.#....g..#...
#.#.#.....)g#..##
#...#...###.#..#
###########.#..####
..............#
#########)#.#.# #.#.#.#


You could see 2 gnolls.

Vanquished Creatures
  A gnoll (D:2)
  2 adders (D:2)
  An ooze (D:2)
  A worm (D:2)
  2 dart slugs (D:1)
  2 giant geckos (D:1)
  8 bats (D:1)
  4 giant cockroaches
  3 goblins
  8 hobgoblins
  3 jackals (D:2)
  2 ball pythons
  2 giant newts (D:2)
  6 rats
45 creatures vanquished.

Notes
Turn   | Place    | Note
--------------------------------------------------------------
     0 | D:1      | Kloppie the Gargoyle Gladiator began the quest for the Orb.
     0 | D:1      | Reached XP level 1. HP: 12/12 MP: 1/1
   129 | D:1      | Reached XP level 2. HP: 11/18 MP: 2/2
   561 | D:1      | Reached XP level 3. HP: 22/22 MP: 3/3
   568 | D:1      | Reached skill level 1 in Armour
   977 | D:2      | Reached skill level 4 in Maces & Flails
  1191 | D:2      | Reached XP level 4. HP: 27/27 MP: 4/4
  1296 | D:2      | Slain by a gnoll

Skill      XL: |  1  2  3  4 |
---------------+-------------+-----
Armour         | 1 |  1.6
Maces & Flails | 4 |  4.3
Fighting       | 3 |  3.1
Throwing       | |  1.7
Dodging        | |  2.4

Action                   |  1- 3 |  4- 6 || total
-------------------------+-------+-------++-------
Melee: Flail             |   143 |    14 ||   157
Throw: Throwing net      |       |     1 ||     1
  Eat: Chunk             |     1 |       ||     1
Armor: Leather armour    |    67 |     4 ||    71
Dodge: Dodged            |   133 |    14 ||   147
